 Dungeon Crawl Stone Soup version 0.31-a0-1610-g9787180647 (webtiles) character file.

Game seed: 12298948442739018997

2235 tulseluper the Protected (level 9, -2/74 HPs)
             Began as a Minotaur Fighter on Jan 8, 2024.
             Was a Plaything of Xom.
             Slain by a gnoll
             ... wielding a +0 halberd
             ... led by a gnoll sergeant
              (6 damage)
             ... on level 7 of the Dungeon.
             The game lasted 00:34:49 (6050 turns).

tulseluper the Protected (Minotaur Fighter)         Turns: 6050, Time: 00:34:49

Health: -2/74      AC: 16    Str: 22    XL:     9   Next: 14%
Magic:  8/8        EV:  7    Int:  5    God:    Xom [...*..]
Gold:   261        SH:  5    Dex: 11    Spells: 8/8 levels left

rFire   + + .        a - +1 long sword (flame)
rCold   . . .        c - +0 buckler
rNeg    . . .        l - +1 plate armour
rPois   .            (helmet restricted)
rElec   .            z - +0 cloak
rCorr   .            (no gloves)
SInv    .            (no boots)
Will    .....        (no amulet) Stlth
                     o - ring of protection from fire
HPRegen 0.32/turn    x - ring of protection from fire
MPRegen 0.11/turn

%: no passive effects
@: mighty
A: horns 2, retaliatory headbutt, weak 1, persistent drain
a: Renounce Religion


You were on level 7 of the Dungeon.
You worshipped Xom.
You were a favourite toy of Xom.
You visited 1 branch of the dungeon, and saw 7 of its levels.

You collected 261 gold pieces.

Inventory:

Hand Weapons
 a - a +1 long sword of flaming (weapon)
 h - a +0 club
 i - a +2 dagger of venom
 j - a +0 glaive
 r - a +1 sling of freezing
 u - a +0 battleaxe
 C - a +0 great sword
Armour
 b - a +0 scale mail
 c - a +0 buckler (worn)
 l - a +1 plate armour (worn)
 n - a +0 robe
 p - +0 swamp dragon scales
 z - a +0 cloak (worn)
Jewellery
 o - a ring of protection from fire (left hand)
 x - a ring of protection from fire (right hand)
Wands
 v - a wand of digging (8)
Potions
 d - a potion of might
 e - a potion of ambrosia
 f - a potion of berserk rage {unknown}
 g - a potion of degeneration {unknown}
 k - 2 potions of curing
 m - 6 potions of heal wounds
 q - 2 potions of haste
 s - a potion of brilliance {unknown}
 t - 2 potions of enlightenment
 w - a potion of cancellation {unknown}


   Skills:
 + Level 5.5 Fighting
 + Level 7.7 Long Blades
 + Level 5.9 Throwing
 + Level 8.8 Armour
 + Level 1.3 Dodging
 + Level 0.8 Stealth
 + Level 5.4 Shields


You had 8 spell levels left.
You didn't know any spells.
Your spell library contained the following spells:

 Spells                   Type           Power      Damage    Failure   Level
 Sublimation of Blood     Necr           0%         N/A       100%        2
 Call Canine Familiar     Summ           0%         N/A       100%        3
 Ozocubu's Armour         Ice            0%         N/A       100%        3
 Sigil of Binding         Hex            0%         N/A       100%        3
 Dimensional Bullseye     Hex/Tloc       0%         N/A       100%        4
 Petrify                  Alch/Erth      0%         N/A       100%        4
 Irradiate                Conj/Alch      0%         3d11      100%        5
 Metabolic Englaciation   Hex/Ice        0%         N/A       100%        5
 Sculpt Simulacrum        Ice/Alch       0%         N/A       100%        6


Dungeon Overview and Level Annotations

Branches:
Dungeon (7/15)             Temple (0/1) D:4

Altars:
Cheibriados
Trog
Uskayaw
Xom
The Shining One


Innate Abilities, Weirdness & Mutations

You have a pair of horns on your head.
You reflexively headbutt those who attack you in melee.
You are weak. (Str -2)
Your health recovers twice as slowly from being drained.


Message History

The orc priest mumbles some strange prayers to Beogh against you.
Pain shoots through your body!
The orc priest looks braver for a moment.
You hit the orc. You burn the orc. You headbutt the orc.
You kill the orc!
The orc priest looks braver for a moment.
The orc warrior hits you with a +0 dire flail.
A gnoll comes into view. It is wielding a +0 flail.
You closely miss the orc priest.
You headbutt the orc priest, but do no damage.
The orc priest mumbles some strange prayers to Beogh against you.
Beogh smites you! The orc warrior barely misses you.
The gnoll closely misses you.
You feel very mighty all of a sudden.
The orc priest mumbles some strange prayers to Beogh against you.
Pain shoots through your body!
The orc warrior hits you with a +0 dire flail.
You block the gnoll's attack. You block the orc's attack.
A gnoll comes into view. It is wielding a +0 vampiric spear.
You slash the orc warrior! You burn the orc warrior.
Your headbutt misses the orc warrior.
The orc warrior is heavily wounded.
You block the orc priest's attack.
The orc warrior hits you with a +0 dire flail.
* * * LOW HITPOINT WARNING * * *
The gnoll hits you but does no damage. You block the orc's attack.
You slash the orc warrior! You burn the orc warrior.
You kill the orc warrior!
The orc priest begins to cast a cantrip, but forgets the words!
The gnoll hits you from afar with a +0 halberd.
* * * LOW HITPOINT WARNING * * *
The orc hits you but does no damage.
The orc priest calls down the wrath of Beogh upon you.
Beogh smites you!
* * * LOW HITPOINT WARNING * * *
Xom is highly amused!
Unknown command.
The gnoll hits you from afar with a +0 halberd.
You die...
Xom cackles wildly!

###############
###############
*********#**####.......####
,,*,,,,,*..,...#.......####
,,*,,,,,+......#.......####
,,*,,,,,*......#.......####
,**,,,,,*#.....#.......####
##*,,,,,*#...oo#@....######
.#,,,,,,,.)gghgo.....#..###
.#,,,,,,,....go#o>...'..###
.*,,,,,,,....oo#....†######
***,**,,*#..####.........##
##########'*#....##'#....##
#........#,,#....#..#....##
+........#,,#....#..#....##
#........#,,#....#,,#....#


You could see an orc warrior, a hound, 2 orc priests, 4 gnolls and 2 orcs.

Vanquished Creatures
  Maggie (D:6)
  A steam dragon (D:7)
  An orc warrior (D:7)
  A sky beast (D:7)
  A black bear (D:4)
  An ogre (D:6)
  A centaur (D:6)
  2 bullfrogs (D:7)
  4 scorpions
  3 wights (D:6)
  A jelly (D:7)
  A bombardier beetle (D:5)
  A hound (D:5)
  2 orc priests
  5 orc wizards
  Terence (D:2)
  Natasha (thrice) (D:4)
  2 iguanas
  6 gnolls
  3 adders
  A shadow imp (D:6)
  A white imp (D:5)
  2 ufetubi (D:5)
  A ribbon worm (D:4)
  2 dart slugs (D:1)
  11 orcs
  5 bats
  8 endoplasms
  4 giant cockroaches
  9 goblins
  A goblin (shapeshifter) (D:3)
  5 hobgoblins
  A jackal (D:7)
  12 kobolds
  6 quokkas
  4 ball pythons
  2 frilled lizards
  3 rats
119 creatures vanquished.

Vanquished Creatures (collateral kills)
  An ogre (D:7)
  A bombardier beetle (D:6)
  A hound (D:6)
  An orc priest (D:6)
  2 orc wizards (D:6)
  5 orcs (D:6)
  2 giant cockroaches (D:6)
  A quokka (D:6)
14 creatures vanquished.

Grand Total: 133 creatures vanquished

Notes
Turn   | Place    | Note
-------+----------+-------------------------------------------
     0 | D:1      | tulseluper the Minotaur Fighter began the quest for the
                  | Orb.
     0 | D:1      | Reached XP level 1. HP: 19/19 MP: 0/0
    54 | D:1      | Reached XP level 2. HP: 23/27 MP: 1/1
   157 | D:1      | Reached skill level 4 in Armour
   352 | D:1      | Reached XP level 3. HP: 33/33 MP: 2/2
   553 | D:2      | Noticed Terence
   570 | D:2      | Killed Terence
   786 | D:2      | Found a faded altar of an unknown god.
   788 | D:2      | Prayed at the altar of an unknown god.
   788 | D:2      | Became a worshipper of Xom of Chaos
   816 | D:2      | Reached XP level 4. HP: 40/40 MP: 3/3
  1109 | D:2      | XOM: noise
  1339 | D:3      | XOM: silly message
  1439 | D:3      | XOM: silly message
  1456 | D:3      | XOM: confuse monster(s)
  1462 | D:3      | Reached skill level 1 in Throwing
  1470 | D:3      | Reached XP level 5. HP: 41/47 MP: 4/4
  1595 | D:3      | You fall into a shaft and drop 2 floors!
  1595 | D:5      | Entered Level 5 of the Dungeon
  1969 | D:3      | a bombardier beetle changed into a shapeshifter
  1969 | D:3      | Noticed a shapeshifter (shapeshifter)
  1969 | D:3      | XOM: polymorph bombardier beetle -> shapeshifter
  1969 | D:3      | a shapeshifter changed into a killer bee
  1973 | D:3      | XOM: give mutations
  1973 | D:3      | Gained mutation: You are weak. (Str -2) [Xom's mischief]
  1973 | D:3      | Gained mutation: Your health recovers twice as slowly from
                  | being drained. [Xom's mischief]
  2217 | D:3      | Found a hide-covered altar of Uskayaw.
  2250 | D:4      | Noticed Natasha
  2261 | D:4      | Killed Natasha
  2320 | D:4      | Found a staircase to the Ecumenical Temple.
  2332 | D:4      | Noticed a black bear
  2338 | D:4      | Noticed Natasha
  2340 | D:4      | XOM: confusion
  2342 | D:4      | XOM: blink monster(s)
  2348 | D:4      | Killed a black bear
  2349 | D:4      | Reached skill level 5 in Armour
  2349 | D:4      | Reached XP level 6. HP: 36/53 MP: 5/5
  2355 | D:4      | Killed Natasha
  2356 | D:4      | Reached skill level 5 in Long Blades
  2647 | D:4      | XOM: noise
  2897 | D:4      | Found a bloodstained altar of Trog.
  2901 | D:4      | Noticed Natasha
  2907 | D:4      | Found a snail-covered altar of Cheibriados.
  2926 | D:4      | Killed Natasha
  3725 | D:5      | Reached XP level 7. HP: 57/60 MP: 6/6
  3856 | D:5      | XOM: 3-stop teleportation journey
  3904 | D:5      | Reached skill level 6 in Armour
  4181 | D:5      | XOM: 1-stop teleportation journey
  4225 | D:5      | XOM: divination: magic mapping
  4365 | D:6      | XOM: summons friendly shadow imp
  4469 | D:6      | XOM: summons 4 friendly demons
  4687 | D:6      | Noticed Maggie
  4690 | D:6      | XOM: divination: magic mapping
  4694 | D:6      | XOM: confuse monster(s)
  4710 | D:6      | Killed Maggie
  4711 | D:6      | Reached skill level 5 in Fighting
  4711 | D:6      | Reached skill level 5 in Throwing
  4711 | D:6      | Reached skill level 7 in Armour
  4711 | D:6      | Reached skill level 5 in Shields
  4711 | D:6      | Reached XP level 8. HP: 31/68 MP: 7/7
  4862 | D:6      | Reached skill level 1 in Dodging
  4911 | D:6      | XOM: 1-stop teleportation journey
  5001 | D:6      | Found a glowing golden altar of the Shining One.
  5120 | D:6      | XOM: smoke on damage
  5426 | D:7      | Reached skill level 8 in Armour
  5482 | D:7      | XOM: enchant monster (bad)
  5800 | D:7      | XOM: summons 8 friendly demons
  5808 | D:7      | Reached XP level 9. HP: 74/74 MP: 8/8
  6031 | D:7      | XOM: polymorph orc -> jackal
  6040 | D:7      | XOM: scenery: 3 doors open
  6050 | D:7      | Slain by a gnoll

Illustrated notes

Levels and vault maps discovered:
D:1:      dpeg_arrival_simpleton_c, layout_rooms
D:2:      layout_loops_ring, shapermc_ecumenical_altar_venn, uniq_terence
D:3:      layout_rooms, nicolae_uskayaw_suspiria
D:4:      layout_basic, mainiacjoe_overflow_catwalk_spiral,
          minmay_temple_entry_wispy, uniq_natasha
D:5:      layout_basic, kennysheep_generic_room_8
D:6:      layout_gridville, general_overflow_altar, portal_sewer_entry_f,
          uniq_maggie
D:7:      layout_gridville, chequers_mini_garden, nicolae_fountain_basement

Skill      XL: |  1  2  3  4  5  6  7  8 |
---------------+-------------------------+-----
Shields        | 4 5 |  5.4
Fighting       | 4 5 |  5.5
Armour         | 4 5 7 8 |  8.8
Long Blades    | 3 4 5 6 7 |  7.7
Throwing       | 1 2 3 5 |  5.9
Dodging        | 1 |  1.3
Stealth        | |  0.8

Action                     |  1- 3 |  4- 6 |  7- 9 || total
---------------------------+-------+-------+-------++-------
  Melee: Long sword        |    75 |   109 |   181 ||   365
         Headbutt          |    10 |    20 |    28 ||    58
  Throw: Stone             |    14 |       |    24 ||    38
         Dart              |     4 |    69 |    22 ||    95
    Use: Scroll            |     1 |     6 |     9 ||    16
         Potion            |       |       |     1 ||     1
   Stab: Confused          |       |       |     1 ||     1
 Armour: Scale mail        |    33 |       |       ||    33
         Plate armour      |    24 |   105 |   195 ||   324
  Dodge: Dodged            |    34 |    50 |    48 ||   132
  Block: Buckler           |    23 |    20 |    35 ||    78

Table legend: (Time is in decaauts)
 A = Elapsed time spent in this place.
 B = Non-inter-level travel time spent in this place.
 C = Inter-level travel time spent in this place.
 D = Time resting spent in this place.
 E = Time spent auto-exploring this place.
 F = Levels seen in this place.
 G = Mean time per level.
                   A        B        C        D        E       F      G
               +--------+--------+--------+--------+--------+-----+--------+
         Total |   6108 |   5710 |    398 |   1162 |   2834 |   7 |  872.6 |
       Dungeon |   6108 |   5710 |    398 |   1162 |   2834 |   7 |  872.6 |
               +--------+--------+--------+--------+--------+-----+--------+

Top non-repeatable levels by time:
     D:4: 1555 daAuts
     D:6: 871 daAuts
     D:5: 830 daAuts
     D:2: 812 daAuts
     D:3: 756 daAuts
     D:7: 725 daAuts
     D:1: 556 daAuts
